 Dungeon Crawl Stone Soup version 0.31-a0-971-g75a2e9a4b4 (webtiles) character file.

Game seed: 7521037873853162082

1418 timneilson the Covered (level 8, -1/49 HPs)
             Began as a Gargoyle Fighter on Oct 28, 2023.
             Was a Follower of Qazlal.
             Killed by divine providence
             ... invoked by an orc priest
              (15 damage)
             ... on level 6 of the Dungeon.
             The game lasted 00:12:28 (5018 turns).

timneilson the Covered (Gargoyle Fighter)           Turns: 5018, Time: 00:12:28

Health: -1/49      AC: 24    Str: 20    XL:     8   Next: 71%
Magic:  9/9        EV: 15    Int: 13    God:    Qazlal [*.....]
Gold:   333        SH:  7    Dex: 11    Spells: 7/7 levels left

rFire   . . .        a - +0 long sword
rCold   . . .        c - +0 buckler
rNeg    + . .        m - +5 scale mail "Gazielis" {Int+4}
rPois   ∞            (no helmet)
rElec   +            (no cloak)
rCorr   .            q - +1 pair of gloves
SInv    .            (no boots)
Will    .....        (no amulet) Stlth
                     i - +5 ring of evasion
HPRegen 0.28/turn    g - +4 ring of protection
MPRegen 0.11/turn

%: no passive effects
@: no status effects
A: sickness immunity, AC +5, negative energy resistance 1, electricity
resistance, torment resistance 1, petrification resistance
a: Renounce Religion


You were on level 6 of the Dungeon.
You worshipped Qazlal.
Qazlal was aware of your devotion.
You visited 1 branch of the dungeon, and saw 7 of its levels.

You collected 333 gold pieces.

Inventory:

Hand Weapons
 a - a +0 long sword (weapon)
Armour
 c - a +0 buckler (worn)
 m - the +5 scale mail "Gazielis" (worn) {Int+4}
   (You found it on level 4 of the Dungeon)

   Int+4:     It affects your intelligence (+4).
 q - a +1 pair of gloves (worn)
Jewellery
 g - a +4 ring of protection (right hand)
 i - a +5 ring of evasion (left hand)
Wands
 d - a wand of light (1)
 k - a wand of iceblast (10)
Scrolls
 b - a scroll of fog
 n - 4 scrolls of teleportation
 o - a scroll of torment {unknown}
 r - 2 scrolls of identify
 s - a scroll of amnesia
 t - a scroll of fear {unknown}
 u - a scroll of brand weapon {unknown}
Potions
 e - a potion of magic
 f - 3 potions of curing
 h - a potion of lignification
 j - 4 potions of haste
 l - 2 potions of heal wounds
 p - a potion of berserk rage {unknown}
 v - a potion of resistance {unknown}


   Skills:
 + Level 5.0 Fighting
 * Level 4.8 Long Blades
 * Level 6.3 Armour
 + Level 2.3 Dodging
 * Level 6.1 Shields
 + Level 2.4 Invocations
 + Level 2.2 Evocations


You had 7 spell levels left.
You didn't know any spells.
Your spell library contained the following spells:

 Spells                   Type           Power      Damage    Failure   Level
 Ensorcelled Hibernation  Hex/Ice        0%         N/A       83%         2
 Passwall                 Tmut/Erth      0%         N/A       83%         2
 Swiftness                Air            0%         N/A       96%         3
 Alistair's Intoxication  Tmut/Pois      0%         N/A       100%        5
 Borgnjor's Vile Clutch   Necr/Erth      0%         N/A       100%        5
 Eringya's Noxious Bog    Tmut/Pois      0%         4d6       100%        6


Dungeon Overview and Level Annotations

Branches:
Dungeon (7/15)
 Temple: D:4-7

Altars:
Ashenzari
Cheibriados
Elyvilon
Okawaru
Qazlal
Ru
Uskayaw
Wu Jian
Yredelemnul

Shops:
D:4 !

Annotations:
D:5 1 runed translucent door, Crazy Yiuf


Innate Abilities, Weirdness & Mutations

You are immune to sickness and miasma.
Your stone body is resilient. (AC +5)
You are immune to poison.
You resist negative energy. (rN+)
You are resistant to electric shocks. (rElec)
You are resistant to unholy torment.
You are immune to petrification.


Message History

You miss something. Something hits you but does no damage. Something hits you.
You closely miss something. Something hits you but does no damage.
You slash something! Qazlal accepts your kill.
Reactivating autopickup.
You feel a bit more experienced.
Your Fighting skill increases to level 5!
You hit the orc priest.
The orc priest is heavily wounded.
You block the orc priest's attack.
You hit the orc priest but do no damage.
The orc priest is heavily wounded.
The orc priest calls down the wrath of Beogh upon you.
Beogh smites you!
* * * LOW HITPOINT WARNING * * *
The orc priest barely misses you.
You hit the orc priest.
The orc priest is heavily wounded.
The orc priest misses you.
You hit the orc priest.
The orc priest is severely wounded.
The orc priest closely misses you.
You barely miss the orc priest.
The orc priest is severely wounded.
The orc priest hits you but does no damage.
You hit the orc priest.
The orc priest is severely wounded.
The orc priest looks satisfied for a moment.
The orc priest closely misses you.
The orc priest hits you but does no damage.
You slash the orc priest!
You kill the orc priest!
Qazlal accepts your kill.
You slash the orc!
You kill the orc!
Qazlal accepts your kill. The orc hits you but does no damage.
The orc priest mumbles some strange prayers to Beogh against you.
Beogh smites you!
You die...

#......######.......##.#
#......######.......##.#
####..........##....o..##.#
#.............##.......##.#
#.............##..o....##.#
#.....##......##o......##.#
##.............##.......##.#
#..............##.###+####.#
#.............@##.# #.# #.#
#..........####o..# #.#
#.#### ####........###o..#
#.# #.....
#......#...#...###.#########
#......###.###.##..........#
######## #.# #.##..#######.#
#.# #......# #.# #.#
#......# #.# ## #.# #.†....#
#.#


You could see an orc priest and an orc.

Vanquished Creatures
  A black bear (D:5)
  2 ice beasts
  An ogre (D:4)
  2 phantoms
  A kobold brigand (D:6)
  A bullfrog (D:6)
  2 scorpions
  2 jellies
  2 hounds
  2 orc priests
  An orc wizard (D:6)
  Ijyb (D:3)
  7 iguanas
  6 adders
  3 gnolls (D:4)
  A white imp (D:5)
  2 worms
  3 dart slugs
  23 orcs
  10 ball pythons
  4 bats (D:1)
  6 endoplasms
  9 giant cockroaches
  11 goblins
  14 hobgoblins
  4 jackals (D:3)
  A quokka (D:2)
  5 frilled lizards
  9 kobolds
  11 rats
147 creatures vanquished.

Notes
Turn   | Place    | Note
-------+----------+-------------------------------------------
     0 | D:1      | timneilson the Gargoyle Fighter began the quest for the
                  | Orb.
     0 | D:1      | Reached XP level 1. HP: 14/14 MP: 1/1
    62 | D:1      | Found a faded altar of an unknown god.
   151 | D:1      | Reached XP level 2. HP: 19/19 MP: 2/2
   444 | D:1      | Reached XP level 3. HP: 23/23 MP: 3/3
  1160 | D:2      | Reached XP level 4. HP: 28/28 MP: 4/4
  1581 | D:3      | Identified the +2 robe of Icasut {Int+2}
  1862 | D:3      | Reached XP level 5. HP: 33/33 MP: 5/5
  2060 | D:3      | Noticed Ijyb
  2077 | D:3      | Killed Ijyb
  2078 | D:3      | Reached skill level 1 in Dodging
  2319 | D:4      | Identified the +5 scale mail "Gazielis" {Int+4}
  2453 | D:4      | Found a basalt altar of Yredelemnul.
  2453 | D:4      | Found a white marble altar of Elyvilon.
  2453 | D:4      | Found an ornate altar of the Wu Jian Council.
  2453 | D:4      | Found an iron altar of Okawaru.
  2487 | D:4      | Found a stormy altar of Qazlal.
  2487 | D:4      | Found a broken altar of Ashenzari.
  2488 | D:4      | Found a snail-covered altar of Cheibriados.
  2488 | D:4      | Found a sacrificial altar of Ru.
  2488 | D:4      | Found a hide-covered altar of Uskayaw.
  2522 | D:4      | Became a worshipper of Qazlal Stormbringer
  2536 | D:4      | Found Ygoaf's Distillery.
  2577 | D:4      | Reached XP level 6. HP: 32/38 MP: 6/6
  2761 | D:4      | Reached skill level 5 in Armour
  2761 | D:4      | Reached skill level 1 in Evocations
  2761 | D:4      | Reached XP level 7. HP: 37/43 MP: 7/7
  3115 | D:4      | Reached skill level 5 in Shields
  3349 | D:5      | Entered Level 5 of the Dungeon
  3363 | D:5      | Reached * piety under Qazlal
  3374 | D:5      | Reached skill level 1 in Invocations
  3643 | D:5      | Found a runed translucent door.
  3644 | D:5      | Noticed Crazy Yiuf
  4111 | D:5      | Reached XP level 8. HP: 47/48 MP: 9/9
  4113 | D:5      | You fall into a shaft and drop 2 floors!
  4227 | D:6      | Identified the +9 shortbow of an ossuary {speed, rF+ Str+3
                  | Int-2 SInv}
  5009 | D:6      | Reached skill level 5 in Fighting
  5018 | D:6      | Killed from afar by an orc priest

Illustrated notes

Levels and vault maps discovered:
D:1:      sevenhm_arrival_forest_fort_small_3, layout_loops_ring,
          ebering_ecumenical_altar_abandoned, serial_rivers,
          chequers_serial_rivers_micro_c, chequers_serial_rivers_large_b,
          chequers_serial_rivers_room_b, chequers_serial_rivers_small_b
D:2:      layout_rooms, kennysheep_big_empty_room
D:3:      kennysheep_the_goblin_king, layout_basic
D:4:      layout_basic, nicolae_overflows_in_rows, serial_shops, shop_fountains,
          kennysheep_generic_room_7
D:5:      layout_gridville, mainiacjoe_overflow_brackets,
          uniq_crazy_yiuf_cottage
D:6:      layout_basic, kennysheep_another_room
D:7:      layout_cave_pools, minmay_temple_entry_overgrown, serial_glass,
          glass_columns_c, glass_columns_a

Skill      XL: |  1  2  3  4  5  6  7  8 |
---------------+-------------------------+-----
Long Blades    | 2 3 4 |  4.8
Shields        | 4 5 6 |  6.1
Armour         | 4 5 6 |  6.3
Dodging        | 1 2 |  2.3
Fighting       | 4 5 |  5.0
Evocations     | 1 2 |  2.2
Invocations    | 1 2 |  2.4

Action                     |  1- 3 |  4- 6 |  7- 9 || total
---------------------------+-------+-------+-------++-------
  Melee: Long sword        |   146 |   298 |   284 ||   728
    Use: Scroll            |     3 |     3 |     3 ||     9
         Potion            |       |     2 |       ||     2
 Armour: Scale mail        |    72 |   137 |   138 ||   347
  Dodge: Dodged            |    78 |   183 |   188 ||   449
  Block: Buckler           |    31 |    67 |    98 ||   196

Table legend: (Time is in decaauts)
 A = Elapsed time spent in this place.
 B = Non-inter-level travel time spent in this place.
 C = Inter-level travel time spent in this place.
 D = Time resting spent in this place.
 E = Time spent auto-exploring this place.
 F = Levels seen in this place.
 G = Mean time per level.
                   A        B        C        D        E       F      G
               +--------+--------+--------+--------+--------+-----+--------+
         Total |   5239 |   5157 |     82 |      0 |   3213 |   7 |  748.4 |
       Dungeon |   5239 |   5157 |     82 |      0 |   3213 |   7 |  748.4 |
               +--------+--------+--------+--------+--------+-----+--------+

Top non-repeatable levels by time:
     D:4: 1087 daAuts
     D:3: 900 daAuts
     D:1: 895 daAuts
     D:6: 891 daAuts
     D:5: 825 daAuts
     D:2: 632 daAuts
     D:7: 6 daAuts
